[Event "*** SCC Grand Prix: Titled Tuesday Blitz"]
[Site "Chess.com"]
[Date "2020.06.02"]
[Round "6"]
[White "Zq1"]
[Black "SHIVACalypso"]
[Result "1-0"]
[WhiteElo "2542"]
[BlackElo "2312"]
[TimeControl "180+1"]
[EndTime "11:11:14 PDT"]
[Termination "Zq1 won by resignation"]

1. d4 e6 2. c4 Nf6 3. Nc3 Bb4 4.
e3 O-O 5. Bd3 c5 6. Ne2 d5 7.
cxd5 cxd4 8. exd4 Nxd5 9. O-O Nc6 10. Bc2 b6 11. Qd3 g6 12. a3 Be7 13. Bh6 Re8 14.
Rad1 Bd6 15. Ne4 Be7 16. Rfe1 Bb7 17. Bb3 Rc8 18. Qg3 Na5 19. Ba4 Bc6 20. Bxc6 Rxc6 21. Nf4 Bd6 22. Nxd6 Qxd6 23. Nxd5 Qxd5 24. Re5 Qb3 25.
Rde1 Qxg3 26. hxg3 Nc4 27. R5e2 Rd6 28. Bg5 Kg7 29. a4 Rxd4 30. b3 Nd6 31. Bc1 Rd5 32.
Bb2+ Kg8 33. Rc2 Nf5 34. Rc7 a5 35. Rec1 Nd4 36. Kf1 Nxb3 37. Rc8 Rdd8 38. Rxd8 Rxd8 39. Rc6 Nc5 40. Bf6 Rb8 41. Be5 Ra8 42. Rxb6 Nxa4 43.
Rc6 f5 44. Rc7 Nc5 45. Rxc5 a4 46. Rc2 a3 47. Ra2 Kf7 48. Bd6 Rc8 49. Bxa3 Ra8 50. Ke2 e5 51. Ra1 e4 52. Bb2 Rb8 53. Bd4 Rc8 54.
Ra7+ Kg8 55. Rg7+ Kf8 56. Rxh7 Rc2+ 57. Ke3 Ra2 58. g4 fxg4 59. Kxe4 g3 60. fxg3 Rxg2 61.
Kf3 Ra2 62. g4 Ra6 63. g5 Kg8 64. Rg7+ Kf8 65. Rd7 Ke8 66. Rd5 Kf7 67. Ke4 Ra2 68. Bf6 Re2+ 69. Kf3 Re1 70. Rd7+ Kf8 71. Rg7 Rf1+ 72.
Kg2 Rb1 73. Rxg6 Kf7 74. Rg7+ Kf8 75. Re7 Rb3 76. Kf2 Kg8 77. Re3 Rb4 78. Re7 Rh4 79.
Kg3 Ra4 80. g6 Ra3+ 81. Kg4 Ra8 82. Kg5 Rb8 83. Kh6 Ra8 84. Rh7 1-0

[Event "*** SCC Grand Prix: Titled Tuesday Blitz"]
[Site "Chess.com"]
[Date "2020.06.02"]
[Round "6"]
[White "Jeffinho023"]
[Black "Siemba"]
[Result "1-0"]
[WhiteElo "2577"]
[BlackElo "2391"]
[TimeControl "180+1"]
[EndTime "11:11:15 PDT"]
[Termination "Jeffinho023 won by checkmate"]

1. d4 d5 2. Nf3 Nf6 3. Bf4 c5 4. e3 e6 5. Nc3 Bd6 6. Bxd6 Qxd6 7. Nb5 Qe7 8. dxc5 Qxc5 9. Qd4 Qxd4 10. exd4 Na6 11.
Nd6+ Ke7 12. Nxc8+ Rhxc8 13. c3 Nc7 14. Bd3 b5 15. a3 a5 16. Ke2 Nd7 17. h4 h6 18.
h5 Nb6 19. Ne5 Nc4 20. Bxc4 bxc4 21. Rh3 f6 22. Ng6+ Kf7 23. Kd2 Rab8 24. Kc2 Rb7 25. Re3 Rcb8 26. Ra2 Na8 27. f4 Nb6 28. a4 Nxa4 29.
Rxa4 Rxb2+ 30. Kd1 Rxg2 31. Kc1 Rg1+ 32. Kc2 Rg2+ 33.
Kc1 Rg1+ 34. Kc2 Rgb1 35. Ra2 a4 36. f5 exf5 37. Re7+ Kg8 38. Ra7 Rh1 39. R7xa4 Rh2+ 40. Kc1 Rxh5 41. Ra8 Rh1+ 42. Kd2 Rh2+ 43. Ke3 Rxa2 44. Rxa2 Kf7 45. Nf4 Re8+ 46. Kf3 g5 47. Ra7+ Re7 48. Rxe7+ Kxe7 49. Nxd5+ Ke6 50. Ne3 f4 51. Nxc4 Kf5 52.
Nd6+ Ke6 53. Ne4 Kf5 54. Nf2 h5 55. d5 g4+ 56. Ke2 Ke5 57. c4 f3+ 58. Ke3 f5 59.
Nd3+ Kd6 60. Kd4 g3 61. c5+ Kc7 62. Ke3 f2 63. Ke2 h4 64. Nf4 Kd7 65. Kf1 Kc7 66. Kg2 Kd7 67. Nh3 Kc7 68. Nf4 Kd7 69. Kf1 Kc7 70. d6+ Kd7 71. Ke2 Kc6 72. Ne6 h3 73.
Nd4+ Kd7 74. Nxf5 g2 75. Kxf2 Ke6 76. Ng3 Kd5 77. d7 h2 78. Kxg2 Kxc5 79. d8=Q h1=Q+ 80.
Kxh1 Kc6 81. Kg2 Kb7 82. Kf3 Ka6 83. Ke4 Kb7 84. Kd5 Ka6 85. Qb8 Ka5 86. Kc5 Ka6 87. Qa8# 1-0

[Event "*** SCC Grand Prix: Titled Tuesday Blitz"]
[Site "Chess.com"]
[Date "2020.06.02"]
[Round "6"]
[White "novendrapriasmoro"]
[Black "SantoBlue"]
[Result "1/2-1/2"]
[WhiteElo "2609"]
[BlackElo "2782"]
[TimeControl "180+1"]
[EndTime "11:11:21 PDT"]
[Termination "Game drawn - insufficient material"]

1. e4 d6 2. d4 Nf6 3. Nc3 e5 4.
Nf3 Nbd7 5. Bc4 Be7 6. O-O O-O 7. a4 c6 8. Re1 h6 9. a5 Rb8 10. h3 b5 11. axb6 axb6 12. Be3 b5 13. Bd3 Bb7 14.
Ne2 Re8 15. c3 Bf8 16. Ng3 g6 17. Qd2 Kh7 18. Ra7 Bg7 19. Rea1 Ng8 20. dxe5 dxe5 21. b4 Ne7 22. c4 Nc8 23. R7a5 Nd6 24. c5 Nc4 25. Bxc4 bxc4 26. Qc3 Nf8 27. Qxc4 Ne6 28. b5 cxb5 29. Rxb5 Qc7 30. Ra7 Nd8 31. Qb3 Re7 32.
Nd2 Nc6 33. Ra4 Ree8 34. Nc4 Ba8 35. Nd6 Rxb5 36. Qxb5 Rb8 37. Qc4 Nd8 38. Rb4 Rxb4 39. Qxb4 Bc6 40. Ne2 Qd7 41. Nc3 f5 42. f3 Nf7 43. Nxf7 Qxf7 44. exf5 gxf5 45. Qb6 Qg6 46. Bf2 e4 47. Ne2 exf3 48. Nf4 Qf6 49. g3 Qa1+ 50. Kh2 Qa4 51. Qc7 Qc2 52. Kg1 Qd1+ 53. Kh2 Qd2 54. Kg1 Qc1+ 55. Kh2 Qc2 56. Kg1 Qb1+ 57. Kh2 Qa2 58. Kg1 Qa1+ 59. Kh2 Qb2 60. Kg1 Be4 61.
Ne6 Qa1+ 62. Kh2 Qb2 63. Qxg7+ Qxg7 64. Nxg7 Kxg7 65. g4 Kf6 66. Kg3 Ke6 67. Kf4 fxg4 68. hxg4 Bd5 69. Be3 Kf7 70. Kg3 Bc6 71. Bxh6 Kg6 72.
Be3 Kf7 73. Kf2 Ke6 74. Kg3 Kf7 75. Bf2 Kf6 76. Kf4 Kg6 77. Kg3 Bb7 78. Be3 Bc6 79.
Kf4 Bb7 80. Ke5 f2 81. Bxf2 Kg5 82. Kd6 Kxg4 83. c6 Bxc6 1/2-1/2

[Event "*** SCC Grand Prix: Titled Tuesday Blitz"]
[Site "Chess.com"]
[Date "2020.06.02"]
[Round "6"]
[White "mbojan"]
[Black "GMSrinath"]
[Result "1/2-1/2"]
[WhiteElo "2633"]
[BlackElo "2792"]
[TimeControl "180+1"]
[EndTime "11:11:30 PDT"]
[Termination "Game drawn - insufficient material"]

1. e4 c6 2. d3 d5 3. Nd2 Nf6 4. Ngf3 g6 5. g3 Bg7 6. Bg2 O-O 7. O-O dxe4 8. dxe4 Na6 9. Re1 Bg4 10. h3 Bxf3 11. Qxf3 Nb4 12. Qb3 a5 13. a3 Na6 14. Qxb7 Nc5 15.
Qxc6 Rc8 16. Qb5 Nfd7 17. Rb1 a4 18. Qe2 Qc7 19. Nf3 Ne6 20. c3 Rfd8 21. Be3 Ndc5 22.
Ng5 Rb8 23. Nxe6 Nxe6 24. Qc2 Rb3 25. Bf1 Rdb8 26. Red1 h5 27. h4 Qb7 28. Bc4 Rxb2 29. Rxb2 Qxb2 30. Qxa4 Qxc3 31. Bxe6 fxe6 32. Qd7 Kf7 33.
a4 Be5 34. Bg5 Re8 35. Qd3 Qb4 36. Qb5 Qxe4 37. a5 Bd4 38. Qd3 Qxd3 39. Rxd3 e5 40. Ra3 Ra8 41. a6 Ke6 42. Be3 Kd5 43. Kf1 Kc4 44. Ke2 Kb5 45. Kd3 Kb4 46. Ra2 Kb3 47. Ra5 Kb4 48. Bd2+ Kb3 49. Rb5+ Ka4 50. Ra5+ Kb3 51.
Rb5+ Ka4 52. Rb4+ Ka3 53. Rb5 Rxa6 54. Be3 Rd6 55. Rb7 e6 56. Ke4 Bxe3 57. fxe3 Rd2 58. Kxe5 Rg2 59. Kxe6 Rxg3 60. e4 Rg4 61. e5 Rxh4 62.
Kf6 Re4 63. e6 h4 64. e7 h3 65. Rb8 Rf4+ 66. Kxg6 Re4 67. Kf6 h2 68. Rh8 Rf4+ 69. Ke5 Rf2 70. Kd6 Rd2+ 71. Ke6 Re2+ 72. Kd7 Rd2+ 73. Kc8 Rc2+ 74. Kd8 Rd2+ 75. Ke8 Kb4 76.
Rh6 Re2 77. Kf8 Rf2+ 78. Kg7 Rg2+ 79. Kh8 Re2 80. Rh4+ Kc5 81. Rxh2 Rxh2+ 82. Kg7 Re2 83. Kf8 Rf2+ 84. Kg7 Rg2+ 85. Kf8 Rf2+ 86. Kg7 Re2 87. Kf8 Kd6 88. e8=Q Rxe8+ 89. Kxe8 1/2-1/2

[Event "*** SCC Grand Prix: Titled Tuesday Blitz"]
[Site "Chess.com"]
[Date "2020.06.02"]
[Round "6"]
[White "HansCoolNiemann"]
[Black "Twiceblessed"]
[Result "1/2-1/2"]
[WhiteElo "2809"]
[BlackElo "2526"]
[TimeControl "180+1"]
[EndTime "11:11:38 PDT"]
[Termination "Game drawn - insufficient material"]

1. Nf3 Nf6 2. c4 e6 3. b3 d5 4. Bb2 Be7 5. e3 c5 6. d4 cxd4 7. exd4 O-O 8. Bd3 b6 9. O-O Bb7 10. Nbd2 Nc6 11. a3 Rc8 12. Qe2 Re8 13. Rac1 Bf8 14.
Rfd1 g6 15. Ne5 Bg7 16. Ndf3 Na5 17. Ng5 Nxb3 18. Ngxf7 Nxc1 19. Rxc1 Qe7 20. Ng5 dxc4 21. Bxc4 Nd5 22. h4 Rc7 23. Re1 Bxe5 24. Bxd5 Bh2+ 25. Kxh2 Qd6+ 26. Kg1 Qxd5 27. f3 Rec8 28. Ne4 Qd8 29.
d5 Rc2 30. Nf6+ Qxf6 31. Bxf6 Rxe2 32. Rxe2 Bxd5 33. Re3 Kf7 34. Be5 a5 35. Re1 a4 36.
Rd1 Rc2 37. Rd4 b5 38. Bd6 Rc4 39. Rd2 Rxh4 40. Rb2 Bc4 41. Rd2 Bd5 42. Bb4 Rc4 43. Kf2 Ke8 44. Ke3 h5 45. Rd4 Kd7 46. Rf4 Rxf4 47.
Kxf4 Bc4 48. Kg5 Bf1 49. g3 Be2 50. f4 Bd3 51. Kh4 Bf5 52. Kg5 Kc6 53. Kh4 Kd5 54. Bf8 e5 55. fxe5 Kxe5 56. Bb4 Ke4 57. Bd6 Kf3 58. Be7 Bc2 59. Bb4 Ke4 60. Bf8 Kf5 61.
Be7 Bd1 62. Bb4 g5+ 63. Kh3 Bg4+ 64. Kh2 Be2 65. Kh3 Bc4 66. g4+ Kg6 67. Kg3 h4+ 68. Kh3 Bf1+ 69. Kh2 Kf6 70. Bd2 Be2 71. Kh3 Bf3 72. Bc3+ Ke6 73. Bd2 Kf6 74. Bc3+ Kg6 75.
Bd2 Bc6 76. Bc3 Bd7 77. Bd2 Kf6 78. Bc1 Be6 79. Bb2+ Kf7 80. Bc1 Kg6 81. Bb2 Bd5 82. Bc1 Bc4 83. Bb2 Bf1+ 84. Kh2 Be2 85. Kh3 Bd1 86.
Bc1 Bc2 87. Bd2 Bd3 88. Bc3 Kf7 89. Bb2 Bf1+ 90. Kh2 Ke6 91. Bc1 Kf6 92. Bb2+ Kg6 93. Bc1 Be2 94. Kh3 Kf6 95. Bb2+ Ke6 96. Bc1 Ke5 97. Bxg5 b4 98. axb4 a3 99. Bc1 a2 100.
Bb2+ Kf4 101. Kxh4 Bxg4 102. b5 Bc8 103. b6 Ke4 104. Kg5 Kd5 105. Kf6 Kc6 106. Bd4 a1=Q 107. Bxa1 Kxb6 1/2-1/2

[Event "*** SCC Grand Prix: Titled Tuesday Blitz"]
[Site "Chess.com"]
[Date "2020.06.02"]
[Round "6"]
[White "Gordima"]
[Black "aNaartjieZA"]
[Result "1-0"]
[WhiteElo "2773"]
[BlackElo "2568"]
[TimeControl "180+1"]
[EndTime "11:11:41 PDT"]
[Termination "Gordima won by resignation"]

1. d4 Nf6 2. c4 c5 3. d5 e5 4. Nc3 d6 5. e4 Be7 6. g3 Nbd7 7. Bg2 h5 8. h3 h4 9. g4 Nh7 10. Nf3 Ng5 11. Nxg5 Bxg5 12. Bxg5 Qxg5 13. Nb5 Ke7 14. a3 a6 15. Nc3 g6 16. b4 b6 17.
Qd2 Qxd2+ 18. Kxd2 Kd8 19. Rhb1 Kc7 20. Bf3 g5 21. Na4 Rh6 22. Bd1 Rf6 23. Ke3 Rf4 24. Be2 Rf6 25. Rb2 Rh6 26. Rab1 Rh8 27. Bd1 Ra7 28. Nc3 Nf8 29. bxc5 bxc5 30. Rb6 Bd7 31. Ba4 Rh6 32. Bc6 Bc8 33. Ba4 Bd7 34. Bxd7 Nxd7 35.
Rc6+ Kd8 36. Na4 Rf6 37. Nc3 Rg6 38. a4 Ke7 39. Rc8 Nf6 40. a5 Rg8 41. Rc6 Nd7 42. Na4 Nb8 43. Rcb6 Nd7 44. Rb7 Rxb7 45. Rxb7 Rb8 46.
Ra7 Kd8 47. Rxa6 Rb3+ 48. Ke2 Kc7 49. Ra7+ Kd8 50. Ra8+ Kc7 51. Ra7+ Kd8 52. Ra6 Kc7 53. Ra8 Rxh3 54. Ra7+ Kd8 55. Nb6 Nxb6 56. axb6 Rb3 57.
b7 Kc7 58. b8=Q+ Kxb8 59. Rxf7 h3 60. Rh7 Kc8 61. Rh5 Kd7 62. Rxg5 Ke7 63. Rh5 Kf6 64. f3 Rb2+ 65. Kf1 Rb1+ 66. Kf2 h2 67. Rxh2 Rc1 68.
Kg3 Rxc4 69. Rh6+ Ke7 70. Rh7+ Ke8 71. g5 Rc1 72. Kg4 Rf1 73. Kf5 Rxf3+ 74. Ke6 Kf8 75. Kxd6 c4 76. Rc7 c3 77. Kxe5 Rg3 78. Kf5 Ke8 79.
e5 Kd8 80. d6 Rf3+ 81. Ke6 Rg3 82. Kf6 Rf3+ 83. Kg7 Rf5 84. g6 Rxe5 85. Kf6 Re3 86. g7 Rg3 87. Kf7 Rf3+ 88. Kg6 Rg3+ 89. Kh7 Rh3+ 90.
Kg8 Rg3 91. Kf7 Rf3+ 92. Ke6 Rg3 93. Ra7 Re3+ 94. Kd5 Rd3+ 95. Ke4 Rg3 96. Ra8+ Kd7 97. g8=Q Rxg8 98. Rxg8 c2 99. Rg1 1-0

[Event "*** SCC Grand Prix: Titled Tuesday Blitz"]
[Site "Chess.com"]
[Date "2020.06.02"]
[Round "6"]
[White "Cecile-Haussernot"]
[Black "olksuna"]
[Result "0-1"]
[WhiteElo "2343"]
[BlackElo "2573"]
[TimeControl "180+1"]
[EndTime "11:11:44 PDT"]
[Termination "olksuna won on time"]

1. e4 c5 2. Nf3 Nc6 3. Nc3 g6 4. Bb5 Bg7 5. Bxc6 dxc6 6. O-O Nf6 7. h3 Nd7 8. Re1 e5 9. d3 b6 10. Bg5 Qc7 11. Qd2 h6 12. Bh4 Nf8 13. Bg3 Ne6 14. Ne2 Bd7 15. c3 f5 16. d4 f4 17.
Bh2 g5 18. Rad1 cxd4 19. cxd4 exd4 20. Nexd4 O-O-O 21. Nf5 Kb7 22. Nd6+ Ka8 23. Nf7 Rhf8 24. Nxd8 Rxd8 25. Qc2 Rf8 26. e5 Bc8 27. Rd6 Nc5 28. Red1 Bf5 29. Qc4 Re8 30. b4 Be6 31. Qc2 Na6 32.
Rxc6 Qe7 33. Qe4 Kb8 34. Nd4 Bd7 35. Rd6 Nxb4 36. Nb3 Qxe5 37. Qxe5 Bxe5 38. Rxd7 Nxa2 39. h4 Nc3 40. Re1 a5 41. hxg5 hxg5 42. g3 f3 43. g4 Bxh2+ 44. Kxh2 Rxe1 45. Rg7 Re2 46. Nd4 Rxf2+ 47.
Kg3 Rd2 48. Nc6+ Kc8 49. Ne7+ Kd7 50. Nc6+ Kxc6 51. Rg6+ Kc5 52. Rxg5+ Nd5 53. Rg8 a4 54. Kxf3 a3 55. Rc8+ Kd4 56. g5 a2 57. Ra8 Rd1 58.
Rxa2 Rg1 59. Rd2+ Ke5 60. Re2+ Kf5 61. Rd2 Ke6 62. Re2+ Kd6 63. Rh2 Rxg5 64. Ke4 Re5+ 65. Kd4 Nc7 66. Rh6+ Ne6+ 67. Kc4 Re1 68. Rg6 Rb1 69.
Rg8 b5+ 70. Kc3 Kc5 71. Kc2 Rb4 72. Rc8+ Kb6 73. Kc3 Rh4 74. Rb8+ Kc6 75. Re8 Nc5 76. Rc8+ Kb6 77. Rb8+ Nb7 78. Kb3 Rh3+ 79. Kb4 Rh4+ 80. Kb3 Kc7 81. Rg8 Nc5+ 82. Kc3 b4+ 83. Kb2 Kc6 84.
Rc8+ Kb5 85. Rg8 Rh2+ 86. Kb1 Ka4 87. Rg3 b3 88. Rg8 Rh1+ 89. Kb2 Rh2+ 90. Kb1 Kb4 91.
Rb8+ Kc3 0-1

[Event "*** SCC Grand Prix: Titled Tuesday Blitz"]
[Site "Chess.com"]
[Date "2020.06.02"]
[Round "6"]
[White "suyu28"]
[Black "bazar-wokzal"]
[Result "1/2-1/2"]
[WhiteElo "2576"]
[BlackElo "2414"]
[TimeControl "180+1"]
[EndTime "11:11:50 PDT"]
[Termination "Game drawn - insufficient material"]

1. d4 Nf6 2. c4 Nc6 3. Nf3 e6 4. Nc3 Bb4 5. Bd2 O-O 6. e3 d6 7. Qc2 e5 8. d5 Ne7 9. Nh4 c6 10. dxc6 bxc6 11. Be2 d5 12. O-O Ng6 13. Nxg6 hxg6 14.
a3 Bd6 15. cxd5 cxd5 16. Nb5 Bb8 17. Bb4 Re8 18. Rac1 Bf5 19. Qc6 e4 20. Nc7 Bxc7 21. Qxc7 d4 22. Qxd8 Raxd8 23. exd4 Rxd4 24. Rfd1 Red8 25. Rxd4 Rxd4 26. Rd1 Rxd1+ 27. Bxd1 Nd5 28. Bc5 a6 29. Bd4 Bd7 30. Kf1 f5 31. Ke1 g5 32. b4 g6 33.
Bb3 Bc6 34. Bc4 Bb7 35. a4 Kf7 36. b5 axb5 37. Bxb5 Ke6 38. a5 Nc7 39. Bc4+ Bd5 40. Bf1 Bb7 41. Bb6 Nd5 42. Bc5 Nc7 43. Bb6 Nd5 44.
Bd8 g4 45. a6 Ba8 46. Kd2 Kd6 47. Bb5 Kc5 48. Be8 Nf4 49. g3 Ne6 50. Ba5 g5 51. Bd7 Kd5 52. Bc8 Nc5 53. Bd8 f4 54.
Bxg5 e3+ 55. fxe3 fxg3 56. hxg3 Ne4+ 57. Ke2 Nxg3+ 58. Ke1 Kc6 59. Bxg4 Kb6 60. Bc8 Ne4 61. Bd8+ Ka7 62. Be7 Bc6 63. Bb4 Bb5 64. Bf5 Ng3 65. Bg6 Bxa6 66. Bc5+ Kb7 67. Bd4 Ne2 68. Be5 Nc1 69.
Kd2 Nb3+ 70. Kc3 Nc5 71. Bf5 Kc6 72. Kd4 Bf1 73. Bg7 Nb3+ 74. Kc3 Nc5 75. Bf8 Kd5 76. Bg7 Ne4+ 77. Kc2 Nd6 78. Bg6 Bg2 79. Kd2 Be4 80. Bh5 Nc4+ 81. Ke2 Bf5 82. Bd4 Nd6 83. Kf2 Ne4+ 84.
Kg2 Nd6 85. Bf3+ Be4 86. Kg3 Bxf3 87. Kxf3 Ne4 88. Bb6 Nd2+ 89. Ke2 Nc4 90. Bd4 Nxe3 1/2-1/2

[Event "*** SCC Grand Prix: Titled Tuesday Blitz"]
[Site "Chess.com"]
[Date "2020.06.02"]
[Round "6"]
[White "Sharpchess22"]
[Black "Alex_Molchanov"]
[Result "0-1"]
[WhiteElo "2730"]
[BlackElo "2521"]
[TimeControl "180+1"]
[EndTime "11:11:59 PDT"]
[Termination "Alex_Molchanov won on time"]

1. d4 g6 2. e4 Bg7 3. Nc3 d6 4.
Be3 a6 5. a4 Nd7 6. h3 e5 7.
Nf3 Ne7 8. dxe5 Nxe5 9. Nxe5 Bxe5 10. Bh6 Ng8 11. Be3 Ne7 12. h4 h5 13. Bc4 O-O 14. Qe2 c6 15. a5 Be6 16. Bb6 Qc8 17. Rd1 c5 18. O-O Bxc4 19. Qxc4 Qg4 20. Ne2 Qxh4 21. f4 Bg7 22. Rxd6 Nc8 23. Rd7 Nxb6 24. axb6 Rab8 25.
c3 Qg4 26. Rfd1 h4 27. Kh2 h3 28. g3 Qf3 29. Kxh3 Bd4 30. Qd3 Be3 31. Ng1 Qh5+ 32.
Kg2 Bxg1 33. Rxg1 Rfe8 34. Rh1 Qg4 35. Qd5 Qe2+ 36. Kh3 Re6 37. Rd8+ Rxd8 38. Qxd8+ Kg7 39. Qd1 Rxe4 40. Qd5 Re6 41. Qxc5 Rf6 42. Qe5 Qf3 43.
Re1 Qf2 44. Qe2 Qxb6 45. Kh2 Qc6 46. Qe5 Qd7 47. Re2 Qe6 48. Kg2 Qxe5 49. Rxe5 Rb6 50.
b4 Rc6 51. Re7 b6 52. Ra7 Rxc3 53. Rxa6 b5 54. Rb6 Rc2+ 55. Kh3 Rb2 56. Rxb5 f5 57.
Rb8 Kh6 58. b5 Kg7 59. b6 Kh7 60. Kh4 Kh6 61. Rh8+ Kg7 62. Rb8 Kh6 63. Kh3 Kh7 64. b7 Kg7 65. Kh4 Rb3 66. Rc8 Rxb7 67. Kg5 Rb3 68.
Rc7+ Kf8 69. Kxg6 Rxg3+ 70. Kxf5 Rf3 71. Ke5 Rf1 72. f5 Rf2 73. Ke6 Rf1 74. Rf7+ Kg8 75.
Ra7 Rf2 76. Kf6 Rf1 77. Ra8+ Kh7 78. Rb8 Rf2 79. Ke6 Kg7 80. Rb7+ Kf8 81. Rf7+ Kg8 82.
Rd7 Rf1 83. Kf6 Rf3 84. Kg6 Rg3+ 85. Kf6 Rf3 86. Rd8+ Kh7 87. Rf8 Rf1 88. Ke7 Ra1 89. Rf7+ Kg8 90. Rf8+ Kh7 91. Rd8 Re1+ 92. Kf7 Ra1 93. Rd7 Kh6 94. f6 Ra8 95. Ke7 Kg6 96.
Rc7 Rb8 97. f7 Kg7 98. Ra7 Rc8 99. Ke6 Rc6+ 100. Kd7 Rf6 0-1

[Event "*** SCC Grand Prix: Titled Tuesday Blitz"]
[Site "Chess.com"]
[Date "2020.06.02"]
[Round "6"]
[White "aleksa74"]
[Black "GigaQuparadze"]
[Result "1/2-1/2"]
[WhiteElo "2679"]
[BlackElo "2836"]
[TimeControl "180+1"]
[EndTime "11:12:06 PDT"]
[Termination "Game drawn by repetition"]

1. e4 c5 2. Nf3 a6 3. c3 d5 4. exd5 Qxd5 5. d4 Nf6 6. Be2 e6 7. O-O Be7 8. c4 Qc6 9. Nc3 O-O 10. d5 exd5 11. cxd5 Qc7 12. a4 Rd8 13. Qb3 Nbd7 14. Bg5 Bd6 15. h3 h6 16. Be3 Ne5 17. a5 Rb8 18.
Nxe5 Bxe5 19. Bf3 b5 20. axb6 Rxb6 21. Qc2 Rb4 22. Rfd1 Bb7 23. Na4 Bxd5 24. Qxc5 Qxc5 25. Nxc5 Kh7 26. Rd2 Rxb2 27. Rxb2 Bxb2 28. Rxa6 Bxf3 29. gxf3 Rd1+ 30. Kg2 Nd5 31. Ne4 f5 32. Nd6 f4 33.
Bc5 Rc1 34. Ne4 Rc2 35. Ra2 Ne3+ 36. Kh2 g5 37. Ba3 Bxa3 38. Rxa3 Nf5 39. Ra6 Nh4 40. Ra3 Kg6 41. Rb3 Rc1 42. Ra3 Kf5 43. Ra5+ Ke6 44. Ra3 Ke5 45. Rb3 Rc2 46. Ra3 Nxf3+ 47. Rxf3 Kxe4 48.
Kg2 h5 49. Ra3 g4 50. hxg4 hxg4 51. Ra4+ Ke5 52. Ra5+ Kd4 53. Ra4+ Rc4 54. Ra3 Ke4 55. Ra8 Rc1 56. Re8+ Kd5 57. Rd8+ Ke5 58. Re8+ Kd6 59. Rf8 f3+ 60. Kh2 Rf1 61. Kg3 Rg1+ 62. Kf4 Rg2 63. Ke3 Ke5 64. Rf7 Ke6 65. Rf8 Ke7 66. Rf4 Rg1 67. Rf5 Ke6 68. Rf8 Kd5 69. Rf5+ Kc4 70. Rf8 Kc3 71. Rc8+ Kb2 72. Kf4 Rg2 73. Ke3 Kb1 74.
Rc7 Rg1 75. Rc8 Rd1 76. Rc4 Re1+ 77. Kf4 Rg1 78. Ke3 Kb2 79. Rc8 Re1+ 80. Kf4 Rg1 81. Ke3 Kb3 82. Rc7 Kb4 83. Rc8 Kb5 84. Rc7 Re1+ 85.
Kf4 Rg1 86. Ke3 Kb6 87. Rc8 Re1+ 88. Kf4 Rg1 89. Rg8 Kc5 90. Rxg4 Rd1 91. Kxf3 Rd3+ 92. Kg2 Kd5 93. Rf4 Ke5 94. Rf8 Ke6 95. Rf3 Rd8 96. Rf4 Ke5 97. Rf7 Ke6 98. Rf4 Rg8+ 99. Kf3 Ra8 100. Rd4 Ke5 101. Re4+ Kf5 102. Rf4+ Ke5 103. Re4+ Kf5 104. Re3 Ra4 105. Rd3 Rf4+ 106. Kg3 Rg4+ 107. Kf3 Rf4+ 108. Kg3 Rg4+ 109. Kf3 Rf4+ 1/2-1/2

[Event "*** SCC Grand Prix: Titled Tuesday Blitz"]
[Site "Chess.com"]
[Date "2020.06.02"]
[Round "6"]
[White "tigra"]
[Black "AnishGiri"]
[Result "0-1"]
[WhiteElo "2725"]
[BlackElo "2975"]
[TimeControl "180+1"]
[EndTime "11:12:24 PDT"]
[Termination "AnishGiri won on time"]

1. e4 e5 2. Nf3 Nc6 3. Bc4 Bc5 4. b4 Bxb4 5. c3 Be7 6. d4 Na5 7. Be2 d6 8. O-O Nf6 9. Qa4+ c6 10. dxe5 dxe5 11.
Nxe5 O-O 12. Be3 b5 13. Qc2 Qc7 14. Nf3 a6 15. h3 c5 16. a4 Bb7 17. Nbd2 c4 18.
axb5 axb5 19. Nd4 Qd7 20. Rfb1 Bc5 21. Nxb5 Bxe3 22. fxe3 Qe7 23. Nd4 Nb3 24. Rxa8 Bxa8 25. Nxc4 Nc5 26. e5 Be4 27. exf6 Qxf6 28. Qa2 Qg6 29. Bd3 Nxd3 30. Rd1 Ra8 31. Qe2 h6 32. Nd2 Bb7 33. N2f3 Nc5 34. Kh1 Ne4 35. Qb2 Bc8 36.
Ra1 Rxa1+ 37. Qxa1 Kh7 38. c4 Bxh3 39. Qg1 Bg4 40. Qe1 Qh5+ 41. Kg1 Nd6 42. Qc1 Qc5 43. Qb1+ g6 44. Nh2 Bd7 45. Qf1 Qxc4 46. Qf6 Qc5 47.
Nhf3 Be8 48. Ne5 Qd5 49. Qe7 h5 50. Kh2 Kg7 51. Ndf3 Qe6 52. Qxe6 fxe6 53. Nd4 Kf6 54. Nd3 e5 55. Ne2 Nc4 56. e4 Bc6 57. Nc3 g5 58. Kg3 Nd6 59. Nc5 Kg6 60. Kf3 Kf6 61. g3 Ke7 62. Ke3 Nc4+ 63. Kd3 Nb2+ 64. Ke3 Nc4+ 65.
Kd3 Nb6 66. Ke3 Kd6 67. Nd3 Nc4+ 68. Ke2 Bd7 69. Kf3 Bg4+ 70. Kf2 Be6 71. Nb5+ Kc6 72. Nc3 Kd6 73. Kf3 Ke7 74. Kf2 Bg4 75. Nd5+ Kf7 76. Nc3 Be6 77. Nb5 Kf6 78. Nc3 h4 79. gxh4 gxh4 80. Kf3 Kg5 81. Nf2 Nd2+ 82. Ke3 Nc4+ 83. Kf3 Nd6 84. Ncd1 Bf7 85. Ne3 Bh5+ 86. Kg2 Bg6 87. Kf3 Nf7 88. Nc4 Bh5+ 89. Kg2 Kf4 90. Kh3 Kg5 91. Kg2 Bg6 92. Nh3+ Kf6 93. Nf2 Ng5 94. Ng4+ Ke6 95. Ncxe5 Bxe4+ 96. Kf2 Kf5 97. Ke3 h3 98. Kd4 Kf4 99. Nf2 h2 100. Neg4 Nf3+ 101. Kc3 Bf5 102. Nxh2 Nxh2 0-1

[Event "*** SCC Grand Prix: Titled Tuesday Blitz"]
[Site "Chess.com"]
[Date "2020.06.02"]
[Round "6"]
[White "artooon"]
[Black "ShapkinAnatoliy"]
[Result "1-0"]
[WhiteElo "2736"]
[BlackElo "2579"]
[TimeControl "180+1"]
[EndTime "11:12:46 PDT"]
[Termination "artooon won on time"]

1. e4 e5 2. Nf3 Nc6 3. d4 exd4 4. Bc4 Nf6 5. O-O Nxe4 6. Nc3 d5 7. Bxd5 dxc3 8. Bxe4 Qxd1 9. Rxd1 Bd6 10. bxc3 h6 11.
Rb1 O-O 12. Be3 Re8 13. Bxc6 bxc6 14. Nd4 Bd7 15. c4 c5 16. Nb5 Bf5 17. Nxd6 cxd6 18. Rxd6 Rab8 19. Rxb8 Rxb8 20. h3 Rb2 21. c3 Rxa2 22.
Bxc5 a5 23. Ra6 Be6 24. Ra8+ Kh7 25. Bb4 Bxc4 26. Rxa5 Rxa5 27. Bxa5 Kg6 28. f3 Kf5 29.
Kf2 Ke5 30. Bb6 g6 31. Be3 h5 32. Kg3 Kf5 33. Bd4 Bd5 34. Kf2 Bc4 35. Ke3 Bf1 36.
Kf2 Bc4 37. Bb6 Ke5 38. Bc7+ Kd5 39. g4 hxg4 40. fxg4 Ke6 41. Ke3 g5 42. Bd8 Bf1 43. h4 gxh4 44. Bxh4 Bh3 45. Kf4 Bf1 46. Bd8 Kd5 47.
Kf5 Bd3+ 48. Kf6 Bg6 49. Bb6 Kc4 50. Bd4 Kd5 51. Ke7 Kc4 52. Kd6 Bd3 53. Bf6 Bg6 54. Kc6 Bd3 55. Kd6 Bg6 56. Ke7 Kd5 57. Kf8 Kc4 58.
Kg7 Kd5 59. g5 Kc4 60. Kh6 Kd5 61. Kg7 Kc4 62. Kf8 Kd5 63. Ke8 Kc4 64. Ke7 Bh5 65.
Kd6 Bg6 66. Ke7 Bh5 67. Kd7 Bg6 68. Kc6 Bh5 69. Kb6 Bg6 70. Ka5 Bh5 71. Ka4 Bg6 72.
Ka3 Bh5 73. Kb2 Bg6 74. Kc1 Bh5 75. Kd2 Bg6 76. Ke3 Bh5 77. Kf4 Bg6 78. Kg4 Kd5 79.
Kf4 Kc4 80. Ke5 Bh5 81. Bh8 Bg6 82. Kd6 Bh5 83. Ke7 Bg6 84. Kf8 Kd5 85. Kg7 Kc4 86.
Kf6 Kd5 87. Bg7 Kc4 88. Ke5 Bh5 89. Kf4 Bg6 90. Kg3 Kd5 91. Kf2 Kc4 92. Ke3 Bh5 93.
Ke4 Bg6+ 94. Kf4 Bh5 95. Bd4 Bg6 96. Ke5 Bh5 97. Kf5 Bg6+ 98. Kg4 Kd5 99. Bf6 Kc4 100. Kf4 Kd5 101. Ke3 1-0

[Event "*** SCC Grand Prix: Titled Tuesday Blitz"]
[Site "Chess.com"]
[Date "2020.06.02"]
[Round "7"]
[White "Khamrakulov_Djurabek"]
[Black "tvjosue"]
[Result "1-0"]
[WhiteElo "2808"]
[BlackElo "2590"]
[TimeControl "180+1"]
[EndTime "11:14:26 PDT"]
[Termination "Khamrakulov_Djurabek won by resignation"]

1. e4 c5 2. c3 d5 3. exd5 Qxd5 4. d4 Nc6 5. Nf3 Nf6 6. Be2 cxd4 7. cxd4 e6 8. Nc3 Qd6 9. O-O Be7 10. Be3 O-O 11.
Rc1 b6 12. Nb5 Qd7 13. Ne5 Nxe5 14. Rc7 Nd5 15. Rxd7 Nxd7 16. Bf3 Bb7 17. Bxd5 Bxd5 18. Nc7 Rac8 19. Nxd5 exd5 20. Qa4 Nf6 21. Qxa7 Bd6 1-0

[Event "*** SCC Grand Prix: Titled Tuesday Blitz"]
[Site "Chess.com"]
[Date "2020.06.02"]
[Round "7"]
[White "Juanovic"]
[Black "DDTerziev04"]
[Result "1-0"]
[WhiteElo "2121"]
[BlackElo "2217"]
[TimeControl "180+1"]
[EndTime "11:15:02 PDT"]
[Termination "Juanovic won by resignation"]

1. e4 e6 2. d4 d5 3. e5 c5 4. c3 Nc6 5. a3 Qb6 6. Nf3 c4 7. Be2 Bd7 8. O-O Nge7 9. Nbd2 Na5 10. Rb1 Nb3 11. Nxb3 Ba4 12. Nfd2 Nc6 13. f4 Na5 14.
Qe1 Nxb3 15. Bd1 Nxd2 16. Bxa4+ 1-0

[Event "*** SCC Grand Prix: Titled Tuesday Blitz"]
[Site "Chess.com"]
[Date "2020.06.02"]
[Round "7"]
[White "Artem_Sadovsky"]
[Black "CyberneticLion"]
[Result "1-0"]
[WhiteElo "2528"]
[BlackElo "2384"]
[TimeControl "180+1"]
[EndTime "11:15:03 PDT"]
[Termination "Artem_Sadovsky won by resignation"]

1. Nf3 d5 2. g3 Bf5 3. Bg2 Nc6 4. O-O e5 5. d3 Nf6 6. c4 d4 7. b4 Bxb4 8. Nxe5 Nxe5 9. Qa4+ Nc6 10. Bxc6+ bxc6 11. Qxb4 Rb8 12. Qc5 Qd6 13. Qxf5 O-O 14. Ba3 1-0

[Event "*** SCC Grand Prix: Titled Tuesday Blitz"]
[Site "Chess.com"]
[Date "2020.06.02"]
[Round "7"]
[White "Kavyev_Ruslan"]
[Black "MateSchmate"]
[Result "1-0"]
[WhiteElo "2541"]
[BlackElo "2387"]
[TimeControl "180+1"]
[EndTime "11:15:16 PDT"]
[Termination "Kavyev_Ruslan won by checkmate"]

1. d4 c5 2. d5 e5 3. Nc3 d6 4. e4 g6 5. Be2 Bg7 6. Be3 Ne7 7. g4 O-O 8. f3 a6 9. h4 b5 10. h5 f5 11. hxg6 hxg6 12. gxf5 gxf5 13. exf5 Nxf5 14. Qd2 Nxe3 15. Qxe3 Qf6 16. Ne4 Qf4 17. Qxf4 exf4 18. O-O-O Be5 19. Nh3 Nd7 20. Rdg1+ Kf7 21. Nhg5+ Ke8 22. Ne6 Rf7 23. Rg8+ Ke7 24. N4g5 Rf5 25.
Rh7+ Kf6 26. Ne4# 1-0

[Event "*** SCC Grand Prix: Titled Tuesday Blitz"]
[Site "Chess.com"]
[Date "2020.06.02"]
[Round "7"]
[White "Ariadna_Atreides"]
[Black "tomasdanada"]
[Result "0-1"]
[WhiteElo "2030"]
[BlackElo "2224"]
[TimeControl "180+1"]
[EndTime "11:15:22 PDT"]
[Termination "tomasdanada won by resignation"]

1. d4 Nf6 2. Nf3 c5 3. e3 d5 4. Bd3 Nc6 5. O-O Bg4 6. Nbd2 c4 7. Be2 e6 8. b3 b5 9. Ne5 Bxe2 10. Qxe2 Nxe5 11.
dxe5 Nd7 12. f4 Bc5 13. a4 a6 14. axb5 axb5 15. Ra3 Bxa3 0-1